 Dungeon Crawl Stone Soup version 0.22-a0-533-g4d20840 (console) character file.

56 Goblin1989 the Skirmisher (level 3, -9/33 HPs)
             Began as a Draconian Fighter on June 23, 2018.
             Mangled by an iguana (15 damage)
             ... on level 3 of the Dungeon.
             The game lasted 00:03:27 (1577 turns).

Goblin1989 the Skirmisher (Draconian Fighter)       Turns: 1577, Time: 00:03:28

Health: -9/33      AC:  5    Str: 18    XL:     3   Next: 71%
Magic:  3/3        EV: 10    Int:  8    God:
Gold:   33         SH:  9    Dex: 11    Spells: 2/2 levels left

rFire    . . .     SeeInvis .   a - +0 long sword
rCold    . . .     Gourm    .   b - +0 shield
rNeg     . . .     Faith    .   (armour unavailable)
rPois    .         Spirit   .   (helmet restricted)
rElec    .         Reflect  .   (no cloak)
rCorr    .         Harm     .   (no gloves)
MR       .....                  (no boots)
Stlth    +.........             (no amulet)
HPRegen  0.11/turn              (no ring)
MPRegen  0.08/turn              (no ring)

@: no status effects
A: unfitting armour, cold-blooded, AC +5
a: no special abilities


You were on level 3 of the Dungeon.
You were not hungry.

You visited 1 branch of the dungeon, and saw 3 of its levels.

You collected 33 gold pieces.

Inventory:

Hand Weapons
 a - a +0 long sword (weapon)
Armour
 b - a +0 shield (worn)
 l - a +0 pair of boots
Scrolls
 f - 3 scrolls of identify {unknown}
 g - a scroll of blinking {unknown}
 j - 3 scrolls of remove curse {unknown}
 m - a scroll of random uselessness {unknown}
 n - a scroll of magic mapping {unknown}
Potions
 c - 2 potions of might {@q4}
 i - 2 potions of curing {@q1}
Comestibles
 e - a ration
 o - 2 chunks of flesh


   Skills:
 + Level 3.7 Fighting
 * Level 3.0 Long Blades
 + Level 3.1 Dodging
 + Level 3.3 Shields


You had 2 spell levels left.
You didn't know any spells.
Your spell library was empty.

Dungeon Overview and Level Annotations

Branches:
Dungeon (2/15)

Altars:


Innate Abilities, Weirdness & Mutations

Your plain brown scales are hard. (AC +5)
You cannot fit into any form of body armour.
You are cold-blooded and may be slowed by cold attacks.


Message History

The hobgoblin barely misses you. You block the adder's attack.
You block the hobgoblin's attack.
You take 1 damage, and have 26/33 hp.
You barely miss the adder.
The adder is heavily wounded.
The adder bites you but does no damage. The hobgoblin barely misses you.
The adder bites you but does no damage.
Some of the chunks of flesh in your inventory have rotted away.
You closely miss the adder.
Your tail-slap misses the adder.
The adder is heavily wounded.
The adder bites you but does no damage. The hobgoblin barely misses you.
You barely miss the adder.
The adder is heavily wounded.
You feel sick. The adder barely misses you. x2
The hobgoblin hits you with a club.
You take 3 damage, and have 23/33 hp.
You miss the adder.
Your tail-slap misses the adder.
The adder is heavily wounded.
The adder misses you.
You riposte.
You miss the adder. You tail-slap the adder.
The adder is severely wounded.
You block the hobgoblin's attack. The adder closely misses you.
You completely miss the adder.
The adder is severely wounded.
The adder bites you.
You are more poisoned.
The adder poisons you! The hobgoblin hits you with a club.
The adder barely misses you.
You take 8 damage, and have 16/33 hp.
MASSIVE DAMAGE!!
Unknown command.
You barely miss the adder. You tail-slap the adder.
The adder is almost dead.
You feel sick. The hobgoblin hits you with a club.
* * * LOW HITPOINT WARNING * * *
The adder bites you.
* * * LOW HITPOINT WARNING * * *
The hobgoblin closely misses you.
You take 4 damage, and have 12/33 hp.
You closely miss the adder.
The adder is almost dead.
You feel sick. The adder bites you.
* * * LOW HITPOINT WARNING * * *
You are lethally poisoned!
The adder poisons you! You block the adder's attack.
You block the hobgoblin's attack.
You take 3 damage, and have 9/33 hp.
You miss the adder.
The adder is almost dead.
* * * LOW HITPOINT WARNING * * *
You feel sick. The adder closely misses you. You block the hobgoblin's attack.
You take 1 damage, and have 8/33 hp.
Unknown command.
It was a potion of curing.
You feel better. The adder closely misses you.
You block the hobgoblin's attack. The adder barely misses you.
You regained 5 hp, and now have 13/33 hp.
Unknown command.
You closely miss the adder.
Your tail-slap misses the adder.
The adder is almost dead.
The adder closely misses you. The hobgoblin closely misses you.
The adder bites you but does no damage.
Unknown command.
You hit the adder.
You kill the adder!
Your Long Blades skill increases to level 3!
The hobgoblin hits you with a club.
* * * LOW HITPOINT WARNING * * *
The hobgoblin barely misses you.
You see here an adder corpse.
Unknown command.
An iguana comes into view.
You see here a scroll labeled SULYLU WEOSM.
The iguana hisses angrily.
You hit the hobgoblin but do no damage.
You kill the hobgoblin!
A kobold comes into view. It is wielding a dagger.
Things that are here:
a club; a hobgoblin corpse You see here an adder corpse.
You butcher the adder corpse.
o - 2 chunks of flesh (gained 1)
An iguana is nearby!
Unknown command.
You hit the iguana.
The iguana is lightly wounded.
You block the iguana's attack.
You hit the iguana.
The iguana is moderately wounded.
The iguana barely misses you.
You riposte.
You hit the iguana.
The iguana is heavily wounded.
The iguana bites you.
* * * LOW HITPOINT WARNING * * *
You take 3 damage, and have 12/33 hp.
You hit the iguana but do no damage.
Your tail-slap misses the iguana.
The iguana is heavily wounded.
The iguana bites you.
* * * LOW HITPOINT WARNING * * *
You take 6 damage, and have 6/33 hp.
You closely miss the iguana.
The iguana is heavily wounded.
The iguana bites you!
You die...

.........)?.██..█.█...█
.........██.█...█...█.██
.█...██.....█...█......█
█.█............█.███..█
█ ████......[..█.█ █..█
█......)....█ █..█
███.█.......█ █..█
...████l...█ █..██


█████ █@...███...███████ ██..........(..... █.............███ ....█.........█
....█....>....█ ...█.........█ ...█..........█ ...█..........█ ███........█ You
could see an iguana.

Vanquished Creatures
  An adder (D:3)
  A dart slug (D:1)
  4 leopard geckos
  An orc (D:2)
  3 giant cockroaches (D:1)
  4 goblins (D:1)
  7 hobgoblins
  A quokka (D:3)
  3 bats (D:1)
  2 frilled lizards
  7 kobolds
  A rat (D:1)
35 creatures vanquished.

Notes
Turn   | Place    | Note
-------+----------+-------------------------------------------
     0 | D:1      | Goblin1989 the Draconian Fighter began the quest for the Orb.
     0 | D:1      | Reached XP level 1. HP: 19/19 MP: 1/1
   175 | D:1      | Reached XP level 2. HP: 10/26 MP: 2/2
   966 | D:1      | Reached XP level 3. HP: 31/31 MP: 3/3
  1463 | D:2      | You fall through a shaft!
  1577 | D:3      | Mangled by an iguana

Vault maps used:
D:1:      dpeg_arrival_erosion, hangedman_decor_riveting, minivault_19
D:2:      first_ration
D:3:      old_standard_altar, lemuel_zombie_altar_kikubaaqudgha,
          grunt_dithmenos_smoke, ashenzari_conservatory_becter,
          kennysheep_another_room

Skill      XL: |  1  2  3 |
---------------+----------+-----
Dodging        | 3 |  3.1
Long Blades    | 3 |  3.0
Fighting       | |  3.7
Shields        | |  3.3

Action                   || total
-------------------------++-------
Melee: Long sword        ||    94
       Tailslap          ||    11
  Use: Potion            ||     1
 Stab: Sleeping          ||     1
  Eat: Chunk             ||     2
Armor: Skin              ||    22
Dodge: Dodged            ||    52
Block: Shield            ||    43
       Rpst.: Long sword ||    13

Table legend:
 A = Spawn XP
 B = Non-spawn XP
 C = Spawn XP percentage of total XP
 D = Spawn monster count
 E = Non-spawn monster count
 F = Spawn count percentage of total count
 G = Total turns spent on level
                    A         B        C        D         E        F      G
               +---------+---------+-------+---------+---------+-------+---------
         Total |       0 |      81 |   0.0 |       0 |      35 |   0.0 |  1577
               +---------+---------+-------+---------+---------+-------+---------
           D:1 |       0 |      50 |   0.0 |       0 |      25 |   0.0 |  1292
           D:2 |       0 |       6 |   0.0 |       0 |       3 |   0.0 |   171
           D:3 |       0 |      25 |   0.0 |       0 |       7 |   0.0 |   114
               +---------+---------+-------+---------+---------+-------+---------

Vault maps used:
D:1:      dpeg_arrival_erosion, hangedman_decor_riveting, minivault_19
D:2:      first_ration
D:3:      old_standard_altar, lemuel_zombie_altar_kikubaaqudgha,
          grunt_dithmenos_smoke, ashenzari_conservatory_becter,
          kennysheep_another_room
